AoeStats
← WalkReyPok

Lombardia

509000762Analyzed
3v3 RM · 6d ago on Sep 25, 2026· 23m 16s· 6 players
Game mode
Random Map
Map size
Normal (6 player)
Population
200
Speed
Normal
Resources
Standard
Victory
Conquest
Starting age
Dark Age
Ending age
Imperial Age
RankedLock teamsTeams togetherTeam positionsShared explorationLock speedFull tech treeHidden civsTurbo modeCheats
Victory
Defeat
🇺🇸 Byzantines · United States
1052
+12
🇺🇸 Teutons · United States
989
+15
🇺🇸 Danes · United States
919
+17
🇦🇷 Hindustanis · Argentina
965
-15
🇦🇷 Byzantines · Argentina
959
-15
🇦🇷 Persians · Argentina
950
-14
emistanoff
3:31 Loom
3:36 Loom
11:12 Feudal Age
11:55 Double-Bit Axe
18:49 Castle Age
17:45 Horse Collar
20:18 Bow Saw
20:03 Gold Mining
20:03 Stone Mining
21:17 Wheelbarrow
20:28 Town Watch
WalkReyPok
4:22 Loom
11:15 Feudal Age
14:12 Horse Collar
20:55 Castle Age
19:33 Wheelbarrow
18:50 Double-Bit Axe
19:50 Bloodlines
19:47 Scale Barding Armor
20:53 Forging
lucas.tapiales
12:10 Feudal Age
12:49 Double-Bit Axe
14:10 Horse Collar
21:22 Castle Age
RickyVIPenis
11:06 Feudal Age
13:54 Loom
17:03 Castle Age
15:10 Double-Bit Axe
15:10 Horse Collar
15:25 Gold Mining
15:45 Stone Mining
18:24 Bow Saw
18:17 Heavy Plow
22:32 Wheelbarrow
Dr. LanceHardwood
12:56 Feudal Age
13:26 Double-Bit Axe
13:24 Horse Collar
15:02 Wheelbarrow
15:21 Gold Mining
15:38 Man-at-Arms
16:05 Arson
17:35 Town Watch
21:34 Castle Age
20:11 Forging
20:02 Stone Mining
22:45 Bow Saw
22:42 Heavy Plow
23:20 Gold Shaft Mining
23:23 Stone Shaft Mining
23:00 Forging
22:13 Long Swordsman
22:40 Gambesons
budgiepower1
7:41 Loom
10:24 Feudal Age
11:15 Double-Bit Axe
14:36 Horse Collar
21:23 Castle Age
20:00 Wheelbarrow
19:40 Fletching
21:20 Scale Mail Armor
22:34 Bow Saw
22:42 Pikeman
24:01 Hand Cart
Connection lost

Rejoining the realm…

Still unreachable

The connection could not be restored.

Session expired

The server has moved on; the page needs a fresh start.